 Dungeon Crawl Stone Soup version 0.26-a0-228-g29f007ebfe (webtiles) character file.

Game seed: 17140695247615542959

29411 vurker the Cleaver (level 13, -6/106 HPs)
             Began as a Human Fighter on July 7, 2020.
             Was an Initiate of Gozag.
             Mangled by a black mamba (12 damage)
             ... on level 5 of the Lair of Beasts.
             The game lasted 00:28:13 (22510 turns).

vurker the Cleaver (Human Fighter)                 Turns: 22510, Time: 00:28:13

Health: -6/106     AC: 22    Str: 22    XL:     13   Next: 80%
Magic:  13/13      EV:  6    Int:  8    God:    Gozag
Gold:   2159       SH: 12    Dex: 13    Spells: 12/12 levels left

rFire    + . .     SeeInvis .   a - +0 war axe
rCold    + . .     Faith    .   L - +0 kite shield
rNeg     . . .     Spirit   .   C - +3 plate armour {rF+}
rPois    +         Reflect  .   D - +1 helmet
rElec    .         Harm     .   n - +0 cloak
rCorr    .                      s - +1 pair of gloves
MR       .....                  (no boots)
Stlth    ..........             E - amulet of regeneration
HPRegen  0.67/turn              w - ring of poison resistance
MPRegen  0.13/turn              A - ring of protection from cold

@: gold aura, slowed, very slow
A: no striking features
a: Potion Petition, Call Merchant, Bribe Branch, Renounce Religion


You were on level 5 of the Lair of Beasts.
You worshipped Gozag.
Gozag was most pleased with you.
You were hungry.

You visited 3 branches of the dungeon, and saw 18 of its levels.

You collected 3130 gold pieces.
You spent 832 gold pieces at shops.
You paid 139 gold pieces to Gozag.

Inventory:

Hand Weapons
 a - a +0 war axe (weapon)
 b - a +2 whip of freezing
   (You took it off Pikel on level 5 of the Dungeon)
Armour
 n - a +0 cloak (worn)
   (You found it on level 11 of the Dungeon)
 s - a +1 pair of gloves (worn)
   (You found it on level 11 of the Dungeon)
 C - a +3 plate armour of fire resistance (worn)
   (You bought it in a shop on level 6 of the Dungeon)
 D - a +1 helmet (worn)
   (You found it on level 3 of the Dungeon)
 L - a +0 kite shield (worn)
 M - a cursed +0 pair of gloves
   (You found it on level 5 of the Lair of Beasts)
Jewellery
 q - an uncursed ring of flight
   (You found it on level 7 of the Dungeon)
 w - a ring of poison resistance (left hand)
   (You found it on level 7 of the Dungeon)
 A - a ring of protection from cold (right hand)
   (You found it on level 8 of the Dungeon)
 E - an amulet of regeneration (around neck)
   (You found it on level 11 of the Dungeon)
 I - an uncursed ring of see invisible
   (You found it on level 2 of the Lair of Beasts)
 J - an uncursed ring of protection from fire
   (You found it on level 3 of the Lair of Beasts)
Wands
 c - a wand of disintegration (12)
   (You found it on level 4 of the Lair of Beasts)
 d - a wand of iceblast (8)
   (You found it on level 2 of the Lair of Beasts)
 o - a wand of polymorph (5)
   (You took it off Pikel on level 5 of the Dungeon)
 t - a wand of flame (14)
   (You found it on level 10 of the Dungeon)
 u - a wand of paralysis (4)
   (You found it on level 8 of the Dungeon)
 v - a wand of digging (2)
   (You found it on level 1 of the Lair of Beasts)
Scrolls
 h - 3 scrolls of fog
 i - 6 scrolls of teleportation
 k - 9 scrolls of remove curse
 l - 2 scrolls of enchant armour
 x - 3 scrolls of immolation
 y - a scroll of enchant weapon
 B - a scroll of fear
 F - 2 scrolls of holy word
 G - a scroll of blinking
 H - 3 scrolls of magic mapping
 K - a scroll of noise {unknown}
 N - a scroll of acquirement {unknown}
Potions
 f - 7 potions of curing
 g - 2 potions of flight
 j - 2 potions of mutation
 m - 3 potions of cancellation
 p - 2 potions of heal wounds
 r - a potion of haste
 z - a potion of invisibility
Comestibles
 e - 20 rations


   Skills:
 + Level 11.1 Fighting
 * Level 14.7 Axes
 + Level 8.0 Armour
 + Level 11.0 Shields


You had 12 spell levels left.
You didn't know any spells.
Your spell library contained the following spells:

 Spells                   Type           Power        Failure   Level
 Corona                   Hex            #......      100%        1
 Foxfire                  Conj/Fire      #...         100%        1
 Infusion                 Chrm           #...         100%        1
 Magic Dart               Conj           #...         100%        1
 Blink                    Tloc           N/A          100%        2
 Call Imp                 Summ           #.......     100%        2
 Ensorcelled Hibernation  Hex/Ice        #.....       100%        2
 Shroud of Golubria       Chrm/Tloc      #.....       100%        2
 Slow                     Hex            #.......     100%        2
 Song of Slaying          Chrm           #.......     100%        2
 Confusing Touch          Hex            #.......     100%        3
 Conjure Flame            Conj/Fire      #.......     100%        3
 Dazzling Flash           Conj/Hex       #.....       100%        3
 Inner Flame              Hex/Fire       #.......     100%        3
 Mephitic Cloud           Conj/Pois/Air  #.......     100%        3
 Ozocubu's Armour         Chrm/Ice       #.......     100%        3
 Portal Projectile        Hex/Tloc       #.....       100%        3
 Spectral Weapon          Hex/Chrm       #.......     100%        3
 Tukima's Dance           Hex            #.......     100%        3
 Cause Fear               Hex            #.........   100%        4
 Leda's Liquefaction      Hex/Erth       #.........   100%        4
 Sticky Flame             Conj/Fire      #.......     100%        4
 Fireball                 Conj/Fire      #.........   100%        5


Dungeon Overview and Level Annotations

Branches:
Dungeon (11/15)            Temple (1/1) D:7            Lair (6/6) D:10
 Shoals (0/4) Lair:4        Snake (0/4) Lair:2        Slime (0/5) Lair:5
    Orc (0/2) D:9

Altars:
Ashenzari
Elyvilon
Gozag
Hepliaklqana
Nemelex Xobeh
Okawaru
Ru
Trog
Uskayaw
Vehumet
Yredelemnul
Jiyva

Shops:
D:6 [

Annotations:
D:10 3 exclusions
Lair:5 2 runed translucent doors, Guutt's ghost, journeyman DrGl


Message History

The black mamba bites you but does no damage.
You block the yak's attack. x2; The yak barely misses you.
The yak gores you but does no damage. You block the black mamba's attack.
The yak gores you but does no damage. x3; The torpor snail bites you!
* * * LOW HITPOINT WARNING * * *
The yak barely misses you.
You hit the torpor snail.
Your shield and plate armour prevent you from hitting the yak.
You hit the black mamba. You closely miss the yak. You hit the yak.
You slash the yak!
The black mamba bites you but does no damage.
You block the black mamba's attack. The yak closely misses you.
The yak gores you!
* * * LOW HITPOINT WARNING * * *
The yak barely misses you. The yak gores you but does no damage.
The torpor snail bites you but does no damage.
Unknown command.
Unknown command.
You hit the torpor snail but do no damage.
You slash the yak! You hit the yak but do no damage.
You completely miss the yak. You closely miss the black mamba.
You slash the yak!
You block the black mamba's attack. x2; The yak gores you.
* * * LOW HITPOINT WARNING * * *
The yak gores you but does no damage. The yak barely misses you.
The yak gores you!
* * * LOW HITPOINT WARNING * * *
You block the black mamba's attack.
Unknown command.
Your plate armour prevents you from hitting the torpor snail.
You barely miss the yak. You hit the yak.
You kill the yak!
You closely miss the yak.
Your shield and plate armour prevent you from hitting the black mamba.
You hit the yak.
You kill the yak!
You are feeling hungry.
The black mamba bites you.
* * * LOW HITPOINT WARNING * * *
You block the yak's attack. You block the torpor snail's attack.
You block the yak's attack. The black mamba bites you!
* * * LOW HITPOINT WARNING * * *
You feel much better. You block the black mamba's attack.
The yak barely misses you. The yak gores you!
* * * LOW HITPOINT WARNING * * *
The black mamba bites you.
* * * LOW HITPOINT WARNING * * *
The torpor snail closely misses you. You block the yak's attack.
The yak closely misses you. The black mamba bites you!
You die...
Your body crumbles into a pile of gold.

#######........### ##
##..#.#...........###
.###...#............#..#####
......#....[.........####..#
....###...........(..## #..#
....####..............# #.##
.....####........>....###.#
...P..# #......YS....#...##
...##.# ##.....$@$.P#.....#
..##### ##....$Yw........#
..# #......#......#.# ..#
###...####.....## #.#
##....## #..#.#..## ###
#.#...# #####....# ##....#
#....## # ## ####...##
##.#..## ## .# #.###.##
###...# #.


You could see a torpor snail, a black mamba and 2 yaks.

Vanquished Creatures
  Gastronok (D:9)
  A rakshasa (D:10)
  2 hydras
  A two-headed ogre (D:11)
  Pikel (D:5)
  A swamp dragon (Lair:3)
  3 ugly things (D:11)
  5 elephants (Lair:2)
  A black mamba (Lair:2)
  8 cane toads
  2 rime drakes
  Maggie (D:10)
  2 komodo dragons
  2 kobold demonologists (D:11)
  A polar bear (D:11)
  3 trolls
  7 blink frogs
  Prince Ribbit (D:6)
  7 hippogriffs
  10 dream sheep (Lair:5)
  A wyvern (D:11)
  A spriggan (D:8)
  21 yaks
  A steam dragon (D:10)
  3 nagas (Lair:2)
  3 porcupines
  4 water moccasins
  4 orc warriors
  Purgy (D:3)
  4 ice beasts
  2 sky beasts
  6 ogres
  8 wolves
  4 phantoms
  5 centaurs
  5 crocodiles
  A lemure (D:6)
  4 big kobolds
  9 bullfrogs
  A wyvern zombie (D:10)
  A wyvern skeleton (D:7)
  A water moccasin skeleton (D:10)
  3 scorpions
  9 killer bees
  3 wights (D:8)
  A howler monkey (D:7)
  7 electric eels
  A quasit (D:9)
  2 orc priests (D:8)
  6 hounds
  6 jellies
  A gnoll shaman (D:7)
  4 orc wizards
  A bullfrog skeleton (D:8)
  3 centaur skeletons
  4 iguanas
  8 worker ants
  Natasha (thrice) (D:2)
  4 hell rats (Lair:2)
  A hound skeleton (D:8)
  2 worker ant zombies
  7 gnolls
  10 adders
  4 river rats (Lair:2)
  3 shadow imps
  3 ufetubi
  An ooze (D:3)
  3 adder skeletons
  2 worms
  3 dart slugs
  3 leopard geckos
  30 orcs
  6 giant cockroaches
  7 goblins
  8 hobgoblins
  17 jackals
  3 quokkas
  6 bats
  5 frilled lizards
  22 kobolds
  14 rats
  2 plants
378 creatures vanquished.

Vanquished Creatures (others)
  An adder (D:10)
  A quokka (D:10)
  3 fungi
  A plant (Lair:5)
6 creatures vanquished.

Grand Total: 384 creatures vanquished

Notes
Turn   | Place    | Note
-------+----------+-------------------------------------------
     0 | D:1      | vurker the Human Fighter began the quest for the Orb.
     0 | D:1      | Reached XP level 1. HP: 18/18 MP: 1/1
   339 | D:1      | Reached XP level 2. HP: 24/24 MP: 2/2
   620 | D:1      | Reached XP level 3. HP: 29/29 MP: 3/3
  1162 | D:2      | Noticed Natasha
  1172 | D:2      | Killed Natasha
  1172 | D:2      | Reached skill level 3 in Axes
  1172 | D:2      | Reached XP level 4. HP: 9/35 MP: 4/4
  1983 | D:2      | Noticed Natasha
  1995 | D:2      | Killed Natasha
  1995 | D:2      | Reached XP level 5. HP: 32/42 MP: 5/5
  2646 | D:2      | Noticed Natasha
  2659 | D:2      | Killed Natasha
  2659 | D:2      | Reached skill level 4 in Axes
  2867 | D:3      | Noticed Purgy
  2911 | D:3      | Killed Purgy
  2911 | D:3      | Reached XP level 6. HP: 19/48 MP: 6/6
  3929 | D:4      | Got a brightly glowing quarterstaff
  3935 | D:4      | Noticed a phantom
  3978 | D:4      | Killed a phantom
  3978 | D:4      | Reached skill level 5 in Axes
  3978 | D:4      | Reached XP level 7. HP: 36/55 MP: 7/7
  4788 | D:5      | Entered Level 5 of the Dungeon
  5040 | D:5      | Reached skill level 6 in Axes
  5187 | D:5      | Reached skill level 5 in Fighting
  5187 | D:5      | Reached skill level 5 in Shields
  5426 | D:5      | Reached XP level 8. HP: 55/62 MP: 8/8
  6061 | D:6      | Reached skill level 7 in Axes
  6324 | D:6      | Noticed Pikel
  6407 | D:5      | Killed Pikel
  6407 | D:5      | Reached skill level 8 in Axes
  6407 | D:5      | Reached XP level 9. HP: 61/71 MP: 9/9
  6582 | D:6      | Found Wasaps's Antique Armour Emporium.
  6891 | D:7      | Found a staircase to the Ecumenical Temple.
  6899 | Temple   | Entered the Ecumenical Temple
  6911 | Temple   | Became a worshipper of Gozag Ym Sagoz the Greedy
  6961 | D:7      | Noticed Prince Ribbit
  7192 | D:6      | Killed Prince Ribbit
  7328 | D:7      | Reached skill level 9 in Axes
  8249 | D:8      | Reached XP level 10. HP: 23/79 MP: 10/10
  9545 | D:8      | Reached skill level 10 in Axes
 10101 | D:9      | Noticed Gastronok
 10177 | D:9      | Killed Gastronok
 10177 | D:9      | Reached skill level 11 in Axes
 10586 | D:9      | Reached XP level 11. HP: 49/87 MP: 11/11
 10915 | D:9      | Found a staircase to the Orcish Mines.
 10930 | D:9      | Found a hide-covered altar of Uskayaw.
 11555 | D:6      | Bought a glowing plate armour for 832 gold pieces
 11693 | D:10     | Entered Level 10 of the Dungeon
 11752 | D:10     | Noticed a rakshasa
 11776 | D:10     | Killed a rakshasa
 11947 | D:10     | Found a white marble altar of Elyvilon.
 12409 | D:10     | Noticed Maggie
 12428 | D:10     | Killed Maggie
 13692 | D:10     | Reached skill level 12 in Axes
 13713 | D:10     | Found a staircase to the Lair.
 14824 | D:11     | Noticed a two-headed ogre
 14839 | D:11     | Killed a two-headed ogre
 15134 | D:11     | Noticed a four-headed hydra
 15159 | D:11     | Killed a four-headed hydra
 15159 | D:11     | Reached skill level 5 in Armour
 15159 | D:11     | Reached XP level 12. HP: 43/96 MP: 12/12
 16379 | D:11     | HP: 4/97 [something (5)]
 16622 | D:11     | Reached skill level 13 in Axes
 17099 | Lair:1   | Entered Level 1 of the Lair of Beasts
 17287 | Lair:1   | Reached skill level 10 in Fighting
 17602 | Lair:1   | Reached skill level 10 in Shields
 18209 | Lair:2   | Found a staircase to the Snake Pit.
 18346 | Lair:2   | Reached XP level 13. HP: 35/104 MP: 13/13
 19351 | Lair:3   | Reached skill level 14 in Axes
 20745 | Lair:4   | Found a staircase to the Shoals.
 20939 | Lair:5   | Found a viscous altar of Jiyva.
 20939 | Lair:5   | Found a staircase to the Slime Pits.
 20947 | Lair:5   | Found a large runed translucent door.
 20947 | Lair:5   | Found a large runed translucent door.
 21032 | Lair:5   | Noticed Guutt's ghost (journeyman DrGl)
 22360 | Lair:6   | Entered Level 6 of the Lair of Beasts
 22360 | Lair:6   | Noticed a six-headed hydra
 22381 | Lair:5   | Killed a six-headed hydra
 22509 | Lair:5   | HP: 1/106 [black mamba (9)]
 22510 | Lair:5   | Mangled by a black mamba

Illustrated notes

Levels and vault maps discovered:
D:1:      wander_arrival_estate, layout_basic, st_stairs_13,
          chequers_serial_rivers_large_b
D:2:      layout_basic, uniq_natasha
D:3:      layout_basic, uniq_purgy
D:4:      layout_cave_pools
D:5:      layout_gridville, first_ration
D:6:      layout_loops_ring, serial_shops, kennysheep_mini, uniq_pikel
D:7:      layout_basic, minmay_temple_entry_crystal_x,
          chequers_serial_rivers_small_a, uniq_prince_ribbit1
D:8:      layout_basic, the_bakery
D:9:      layout_irregular_city, eat_drink_and_be_merry_uskayaw, orc_0_dummy,
          amethyst_killhole, uniq_gastronok
D:10:     layout_basic, elyvilon_altar_4, uniq_maggie
D:11:     layout_long_grid, serial_ice, serial_ice_a, serial_ice_b,
          serial_ice_f, serial_ice_d, nicolae_zen_rock_garden
Temple:   nicolae_temple_the_god_donut
Lair:1:   layout_chaotic_city
Lair:2:   layout_gridlike, minmay_snake_entry_guardpost_medium,
          kennysheep_abandoned_house, infiniplex_staircase_pool
Lair:3:   layout_roguey, hibernation_bobbens
Lair:4:   layout_loops_ring, elwin_shoals_entry_rooms, grunt_megastairs_5
Lair:5:   layout_cave_pods, slime_altar_1, ebering_ghost_disaster_area,
          grunt_megastairs_1, infiniplex_staircase_pool_2
Lair:6:   hangedman_lair_in_review, layout_gridlike, uniq_nessos

Skill      XL: |  1  2  3  4  5  6  7  8  9 10 11 12 13 |
---------------+----------------------------------------+-----
Axes           | 3 4 5 6 8 9 11 12 13 14 | 14.7
Fighting       | 4 5 6 7 8 9 10 11 | 11.1
Shields        | 4 5 6 7 8 9 10 11 | 11.0
Armour         | 5 6 8 |  8.0

Action                   |  1- 3 |  4- 6 |  7- 9 | 10-12 | 13-15 || total
-------------------------+-------+-------+-------+-------+-------++-------
Melee: War axe           |    91 |   169 |   356 |   894 |   371 ||  1881
       Unarmed           |       |       |     3 |       |       ||     3
       Whip              |       |       |       |    17 |    11 ||    28
Evoke: Wand              |       |       |       |     2 |     1 ||     3
  Use: Potion            |       |     1 |     2 |     1 |     2 ||     6
       Scroll            |       |       |    15 |     8 |     4 ||    27
 Stab: Distracted        |       |       |     1 |     1 |     3 ||     5
       Paralysed         |       |       |       |     2 |       ||     2
  Eat: Ration            |     1 |     2 |     4 |     9 |     3 ||    19
Armor: Scale mail        |    36 |       |       |       |       ||    36
       Chain mail        |     9 |   119 |   154 |       |       ||   282
       Skin              |       |       |    38 |       |       ||    38
       Plate armour      |       |       |    53 |   507 |   255 ||   815
Dodge: Dodged            |    20 |    34 |    78 |   183 |   105 ||   420
Block: Kite shield       |    46 |    95 |   205 |   514 |   265 ||  1125

Table legend:
 A = Non-vault XP
 B = Vault XP
 C = Vault XP percentage of total XP
 D = Non-vault monster count
 E = Vault monster count
 F = Vault count percentage of total count
                 A         B        C        D         E       F
            +---------+---------+-------+---------+---------+-------
      Total |   34153 |    7864 |  18.7 |     337 |      38 |  10.1
            +---------+---------+-------+---------+---------+-------
        D:1 |      36 |       1 |   2.7 |      23 |       1 |   4.2
        D:2 |     140 |      35 |  20.0 |      26 |       1 |   3.7
        D:3 |      43 |     136 |  76.0 |      14 |       1 |   6.7
        D:4 |     371 |       0 |   0.0 |       7 |       0 |   0.0
        D:5 |     632 |     685 |  52.0 |      30 |       1 |   3.2
        D:6 |     496 |     277 |  35.8 |      16 |       1 |   5.9
        D:7 |     929 |       0 |   0.0 |      22 |       0 |   0.0
        D:8 |    1035 |     211 |  16.9 |      25 |       1 |   3.8
        D:9 |    1373 |    2276 |  62.4 |      35 |       1 |   2.8
       D:10 |    3392 |     389 |  10.3 |      30 |       1 |   3.2
       D:11 |    7117 |     878 |  11.0 |      34 |       7 |  17.1
     Lair:1 |    2550 |       0 |   0.0 |      11 |       0 |   0.0
     Lair:2 |    5283 |    1037 |  16.4 |      16 |      17 |  51.5
     Lair:3 |    2683 |     646 |  19.4 |      15 |       1 |   6.2
     Lair:4 |     326 |    1186 |  78.4 |       4 |       4 |  50.0
     Lair:5 |    7747 |     107 |   1.4 |      29 |       1 |   3.3
            +---------+---------+-------+---------+---------+-------
